 Dungeon Sprint DCSS version 0.30-a0-311-gf115ab0292 (webtiles) character file.

Game seed: 7876322011157651386

8941 wilfster70 the Severer (level 11, -4/117 HPs)
             Began as a Hill Orc Fighter on Oct 25, 2022.
             Was a High Priest of Okawaru.
             Slain by a death yak (20 damage)
             ... in the Dungeon (Sprint IX: "|||||||||||||||||||||||||||||").
             The game lasted 00:07:51 (1504 turns).

wilfster70 the Severer (Hill Orc Fighter)           Turns: 1504, Time: 00:07:51

Health: -4/117     AC: 15    Str: 24    XL:     11   Next: 38%
Magic:  19/19      EV: 14    Int:  8    God:    Okawaru [*****.]
Gold:   0          SH:  4    Dex: 10    Spells: 10/10 levels left

rFire   . . .      SeeInvis .    a - +3 war axe (vorpal)
rCold   . . .      Faith    .    c - +0 buckler
rNeg    . . .      Spirit   .    m - +0 scale mail
rPois   .          Reflect  .    o - +0 helmet
rElec   .          Harm     .    n - +0 cloak
rCorr   .          Rampage  .    (no gloves)
Will    .....      NoTele   +    (no boots)
Stlth   ..........               (no amulet)
HPRegen 0.39/turn                p - +2 ring of evasion
MPRegen 0.16/turn                q - +2 ring of protection

@: no status effects
A: no striking features
a: Renounce Religion, Heroism, Finesse


You were in the Dungeon.
You worshipped Okawaru.
Okawaru was extremely pleased with you.
You visited 1 branch

Inventory:

Hand Weapons
 a - a +3 vorpal war axe (weapon)
 b - a +2 morningstar of protection
Armour
 c - a +0 buckler (worn)
 m - a +0 scale mail (worn)
 n - a +0 cloak (worn)
 o - a +0 helmet (worn)
Jewellery
 p - a +2 ring of evasion (left hand)
 q - a +2 ring of protection (right hand)
Wands
 l - a wand of roots (5)
Scrolls
 j - 4 scrolls of blinking
 k - 2 scrolls of amnesia
 r - 2 scrolls of identify
 t - 2 scrolls of enchant armour
 u - a scroll of brand weapon
Potions
 d - a potion of invisibility
 g - 3 potions of haste
 h - 4 potions of magic
 i - a potion of might
 s - a potion of mutation


   Skills:
 + Level 17.2 Fighting
 - Level 18.0 Axes
 + Level 15.9 Armour
 + Level 7.5 Dodging
 - Level 4.0 Shields
 - Level 11.6 Invocations


You had 10 spell levels left.
You didn't know any spells.
Your spell library was empty.

Dungeon Overview and Level Annotations

Branches:
Dungeon (1/1)

Altars:
Cheibriados
Dithmenos
Elyvilon
Fedhas
Gozag
Hepliaklqana
Kikubaaqudgha
Makhleb
Nemelex Xobeh
Okawaru
Qazlal
Ru
Sif Muna
Trog
Uskayaw
Vehumet
Wu Jian
Xom
Yredelemnul
Zin
The Shining One
Beogh
Jiyva
Lugonu


Message History

Your base Fighting skill increases to level 17!
The death yak is engulfed in calcifying dust.
The death yak is moving more slowly.
The death yak gores you!
* * * LOW HITPOINT WARNING * * *
The death yak gores you but does no damage. x2
You feel like a meek peon again.
The death yak gores you but does no damage.
The death yak snorts and paws the ground.
The death yak gores you!!
* * * LOW HITPOINT WARNING * * *
The death yak gores you.
The death yak stops moving altogether!
You turn to flesh and can move again.
You feel better.
The helpless death yak fails to defend itself.
You slash the death yak!
The death yak is lightly wounded.
The helpless death yak fails to defend itself.
You slash the death yak!
The death yak is lightly wounded.
The helpless death yak fails to defend itself.
You hit the death yak.
The death yak is lightly wounded.
The helpless death yak fails to defend itself.
You slash the death yak!
The death yak is lightly wounded.
The helpless death yak fails to defend itself.
You slice the death yak!!
The death yak is moderately wounded.
The helpless death yak fails to defend itself.
You slash the death yak!
The death yak is heavily wounded.
The death yak is no longer petrified.
You block the death yak's attack.
You hit the death yak but do no damage.
The death yak is heavily wounded.
The death yak barely misses you.
You slash the death yak!
The death yak is heavily wounded.
The death yak gores you!!
You die...

▓.▓.▓.▓
▓[▓.▓.▓
▓.▓.▓.▓
▓.▓.▓.▓
▓.▓.▓.▓
▓)▓.▓Y▓
▓.▓.▓Y▓
▓.▓.▓Y▓
▓'▓.▓@▓
▓_▓.▓)▓
▓_▓.▓.▓
▓_▓.▓.▓
▓_▓.▓.▓
▓_▓.▓.▓
▓_▓.▓.▓
▓_▓.▓.▓
▓_▓.▓.▓


You could see a death yak and 2 yaks.

Vanquished Creatures
  A hydra (D)
  3 catoblepae (D)
  3 death yaks (D)
  A manticore (D)
  An elephant (D)
  2 cane toads (D)
  A rime drake (D)
  A troll (D)
  3 polar bears (D)
  2 blink frogs (D)
  A slime creature (D)
  A shadow (D)
  2 yaks (D)
  A wraith (D)
  2 wyverns (D)
  2 vampire mosquitoes (D)
  An acid dragon (D)
  3 water moccasins (D)
  A kobold brigand (D)
  A necrophage (D)
  A scorpion (D)
  3 bullfrogs (D)
  A wight (D)
  A hound (D)
  A ball python (D)
  A bat (D)
  An endoplasm (D)
  2 goblins (D)
  A quokka (D)
45 creatures vanquished.

Notes
Turn   | Place    | Note
-------+----------+-------------------------------------------
     0 | D        | wilfster70 the Hill Orc Fighter began the quest for the
                  | Orb.
     0 | D        | Reached XP level 1. HP: 19/19 MP: 1/1
     8 | D        | Reached skill level 3 in Axes
    18 | D        | Reached XP level 2. HP: 27/27 MP: 2/2
    24 | D        | Noticed a water moccasin
    24 | D        | Noticed a scorpion
    24 | D        | Noticed a necrophage
    41 | D        | Reached skill level 5 in Fighting
    41 | D        | Reached skill level 5 in Axes
    41 | D        | Reached skill level 5 in Armour
    41 | D        | Reached XP level 3. HP: 23/36 MP: 3/3
    48 | D        | Killed a necrophage
    49 | D        | Reached skill level 7 in Axes
    49 | D        | Reached XP level 4. HP: 15/47 MP: 4/4
    53 | D        | Killed a scorpion
    54 | D        | Reached skill level 8 in Axes
    54 | D        | Reached XP level 5. HP: 15/53 MP: 5/5
    58 | D        | Killed a water moccasin
    59 | D        | Reached skill level 9 in Axes
    59 | D        | Reached XP level 6. HP: 18/63 MP: 6/6
   211 | D        | Found a roughly hewn altar of Beogh.
   211 | D        | Found a snail-covered altar of Cheibriados.
   211 | D        | Found a shadowy altar of Dithmenos.
   211 | D        | Found a white marble altar of Elyvilon.
   211 | D        | Found a blossoming altar of Fedhas.
   211 | D        | Found an opulent altar of Gozag.
   212 | D        | Found a hazy altar of Hepliaklqana.
   213 | D        | Found a viscous altar of Jiyva.
   214 | D        | Found an ancient bone altar of Kikubaaqudgha.
   215 | D        | Found a corrupted altar of Lugonu.
   216 | D        | Found a burning altar of Makhleb.
   217 | D        | Found a sparkling altar of Nemelex Xobeh.
   218 | D        | Found an iron altar of Okawaru.
   219 | D        | Found a stormy altar of Qazlal.
   220 | D        | Found a sacrificial altar of Ru.
   221 | D        | Found a shimmering blue altar of Sif Muna.
   222 | D        | Found a bloodstained altar of Trog.
   223 | D        | Found a hide-covered altar of Uskayaw.
   224 | D        | Found a radiant altar of Vehumet.
   225 | D        | Found an ornate altar of the Wu Jian Council.
   226 | D        | Became a worshipper of Warmaster Okawaru
   227 | D        | Found a shimmering altar of Xom.
   230 | D        | Found a basalt altar of Yredelemnul.
   231 | D        | Found a glowing silver altar of Zin.
   232 | D        | Found a glowing golden altar of the Shining One.
   279 | D        | Noticed a yak
   279 | D        | Noticed a troll
   279 | D        | Noticed a wyvern
   279 | D        | Noticed an acid dragon
   283 | D        | Killed an acid dragon
   284 | D        | Reached skill level 10 in Axes
   288 | D        | Killed a wyvern
   289 | D        | Reached skill level 10 in Fighting
   289 | D        | Reached skill level 11 in Axes
   289 | D        | Reached XP level 7. HP: 72/72 MP: 6/10
   297 | D        | Killed a troll
   297 | D        | Reached * piety under Okawaru
   298 | D        | Reached skill level 12 in Axes
   298 | D        | Reached skill level 10 in Armour
   302 | D        | Reached skill level 13 in Axes
   306 | D        | Reached XP level 8. HP: 13/82 MP: 6/12
   306 | D        | HP: 4/82 [yak (9)]
   308 | D        | Killed a yak
   481 | D        | Noticed a slime creature
   481 | D        | Noticed a wraith
   481 | D        | Noticed a shadow
   481 | D        | Noticed a manticore
   487 | D        | Killed a manticore
   488 | D        | Reached skill level 14 in Axes
   490 | D        | Reached skill level 15 in Axes
   493 | D        | Killed a shadow
   500 | D        | Killed a wraith
   500 | D        | Reached ** piety under Okawaru
   501 | D        | Reached XP level 9. HP: 55/91 MP: 15/15
   507 | D        | Reached skill level 16 in Axes
   770 | D        | Noticed a rime drake
   772 | D        | Noticed a cane toad
   779 | D        | Noticed a cane toad
   785 | D        | Reached skill level 10 in Invocations
   791 | D        | Reached skill level 17 in Axes
   797 | D        | Killed a rime drake
   806 | D        | Killed a cane toad
   806 | D        | Reached *** piety under Okawaru
   810 | D        | Killed a cane toad
   811 | D        | Reached skill level 18 in Axes
   811 | D        | Reached XP level 10. HP: 6/102 MP: 18/18
   813 | D        | HP: 1/102 [blink frog (14)]
  1038 | D        | Noticed a death yak
  1038 | D        | Noticed an elephant
  1039 | D        | Noticed a five-headed hydra
  1043 | D        | Killed an elephant
  1043 | D        | Reached **** piety under Okawaru
  1044 | D        | Reached skill level 1 in Dodging
  1053 | D        | Killed a death yak
  1064 | D        | Killed a five-headed hydra
  1065 | D        | Reached skill level 15 in Fighting
  1076 | D        | Reached ***** piety under Okawaru
  1077 | D        | Reached skill level 5 in Dodging
  1256 | D        | Noticed a death yak
  1256 | D        | Noticed a death yak
  1256 | D        | Noticed a catoblepas
  1256 | D        | Noticed a catoblepas
  1259 | D        | Noticed a catoblepas
  1265 | D        | Killed a catoblepas
  1266 | D        | Reached XP level 11. HP: 65/114 MP: 19/19
  1390 | D        | Noticed a death yak
  1411 | D        | Killed a catoblepas
  1412 | D        | Reached skill level 15 in Armour
  1434 | D        | Killed a death yak
  1434 | D        | Received a gift from Okawaru
  1457 | D        | Killed a death yak
  1487 | D        | Killed a catoblepas
  1492 | D        | HP: 4/117 [death yak (11)]
  1504 | D        | Slain by a death yak

Illustrated notes

Levels and vault maps discovered:
D:        linesprint [early_d, line_temple, items_1, d_10, items_2, lair_1,
          lair_end, items_3, orc_1, orc_end, items_4, d_15, swamp_1, shoals_1,
          snake_1, spider_1, d_20, vaults_1, items_5, swamp_end, shoals_end,
          snake_end, spider_end, vaults_end, d_27, items_6, zot_1, zot_end,
          crypt_end, forest_end, elf_end, slime_end, tomb_end, abyss_end,
          pan_hell_end]

Skill      XL: |  1  2  3  4  5  6  7  8  9 10 11 |
---------------+----------------------------------+-----
Axes           | 3 5 7 8 9 11 13 15 18 | 18.0
Fighting       | 4 5 7 8 9 10 11 12 13 16 17 | 17.2
Armour         | 5 6 7 8 9 10 11 12 14 15 | 15.9
Shields        | 4 |  4.0
Invocations    | 4 6 9 11 | 11.6
Dodging        | 5 7 |  7.5

Action                   |  1- 3 |  4- 6 |  7- 9 | 10-12 || total
-------------------------+-------+-------+-------+-------++-------
Melee: War axe           |    37 |    17 |    84 |    90 ||   228
       Morningstar       |       |       |       |    10 ||    10
Invok: Heroism           |       |       |     1 |     3 ||     4
       Finesse           |       |       |       |     1 ||     1
Evoke: Wand              |       |       |       |     5 ||     5
  Use: Potion            |     1 |     2 |     3 |     7 ||    13
 Stab: Petrified         |       |       |       |     8 ||     8
       Petrifying        |       |       |       |     1 ||     1
Armor: Scale mail        |    19 |     6 |    23 |    58 ||   106
Dodge: Dodged            |    22 |     4 |    29 |    46 ||   101
Block: Buckler           |     6 |     7 |    12 |    12 ||    37

Table legend: (Time is in decaauts)
 A = Elapsed time spent in this place.
 B = Non-inter-level travel time spent in this place.
 C = Inter-level travel time spent in this place.
 D = Time resting spent in this place.
 E = Time spent auto-exploring this place.
 F = Levels seen in this place.
 G = Mean time per level.
                   A        B        C        D        E       F      G
               +--------+--------+--------+--------+--------+-----+--------+
         Total |   1484 |   1484 |      0 |    931 |     76 |   1 | 1484.0 |
       Dungeon |   1484 |   1484 |      0 |    931 |     76 |   1 | 1484.0 |
               +--------+--------+--------+--------+--------+-----+--------+

Top non-repeatable levels by time:
       D: 1484 daAuts
